 Dungeon Crawl Stone Soup version 0.17-a0-1404-gb8113a6 (webtiles) character file.

45 HEYYEYAAE the Digger (level 3, 0/25 HPs)
             Began as a Human Earth Elementalist on June 21, 2015.
             Succumbed to an adder's poison
             ... on level 3 of the Dungeon.
             The game lasted 00:04:44 (2057 turns).

HEYYEYAAE the Digger (Human Earth Elementalist)     Turns: 2057, Time: 00:04:44

Health: 0/25       AC:  3    Str:  8    XL:     3   Next: 90%
Magic:  1/6        EV: 13    Int: 16    God:
Gold:   63         SH:  0    Dex: 13    Spells: 2 memorised, 2 levels left

rFire  . . .     SeeInvis .     k - +0 spear
rCold  . . .     Clarity  .     b - +1 robe
rNeg   . . .     SustAt   .     (no shield)
rPois  .         Gourm    .     (no helmet)
rElec  .         Spirit   .     (no cloak)
rCorr  .         Warding  .     (no gloves)
rMut   .         Stasis   .     (no boots)
MR     .....                    j - amulet of rage
Stlth  ++........               (no ring)
                                (no ring)

@: lethally poisoned (0 -> -2), very slightly contaminated, not resistant to
hostile enchantments, unstealthy
A: no striking features
a: Evoke Berserk Rage


You were on level 3 of the Dungeon.
You were very hungry.

You visited 1 branch of the dungeon, and saw 3 of its levels.

You collected 63 gold pieces.

Inventory:

Hand weapons
 i - a +0 short sword
 k - a +0 spear (weapon)
Missiles
 a - 64 stones (quivered)
Armour
 b - a +1 robe (worn)
Jewellery
 j - an amulet of rage (around neck)
Scrolls
 e - 4 scrolls of identify
 o - a scroll of magic mapping
Books
 c - a book of Geomancy

   Spells                             Type                      Level
   a - Sandblast                      Earth                        1
   b - Stoneskin                      Transmutation/Earth          2
   c - Passwall                       Transmutation/Earth          3
   d - Stone Arrow                    Conjuration/Earth            3
   e - Petrify                        Transmutation/Earth          4
   f - Lee's Rapid Deconstruction     Earth                        5
Comestibles
 d - 3 bread rations
 p - 3 fruits
 s - a beef jerky


   Skills:
 + Level 0.8 Fighting
 + Level 1.0 Armour
 + Level 2.7 Dodging
 - Level 2.0 Stealth
 * Level 2.4 Spellcasting
   Level 1.0 Transmutations
 * Level 3.2 Earth Magic


You had 2 spell levels left.
You knew the following spells:

 Your Spells              Type           Power        Failure   Level  Hunger
a - Sandblast             Erth           ##....       8%          1    #......
b - Stone Arrow           Conj/Erth      #.....       34%         3    ###....


Dungeon Overview and Level Annotations

Branches:
Dungeon (3/15)

Altars:
The Shining One

Annotations:
D:3 Grinder


Message History

The adder is severely wounded.
The adder bites you. The rat barely misses you. The adder misses you.
The rat bites you.
You hit the adder but do no damage.
The adder is severely wounded.
The rat bites you.
* * * LOW HITPOINT WARNING * * *
The adder closely misses you. The rat barely misses you.
Unknown command.
You closely miss the adder.
The adder is severely wounded.
The adder bites you.
* * * LOW HITPOINT WARNING * * *
The rat barely misses you. The rat bites you.
* * * LOW HITPOINT WARNING * * *
The adder bites you.
* * * LOW HITPOINT WARNING * * *
You barely miss the adder.
The adder is severely wounded.
You die...

#...#+#....,,,,,
#..$#,*####*+***
#...#,,,,,,,,,,,
#...#,,,,,,,,,,,
#...######******
#..........,,,,,
#..........,,,,,
###ro........,,,,,
#@Sgo........,,,,,
#rr..#####.#o****,
#So..# *.#,* *,
#....# *,#,****,
#....# *,*,**,,,
#....# *,*,**,**
#....# *,*,**,*
#....# *,*,**,**
#....# *,*,**,,,


You could see an orc wizard, 2 adders, 2 orcs, a goblin and 3 rats.

Vanquished Creatures
  A gnoll (D:2)
  An adder (D:3)
  A giant gecko (D:1)
  An orc (D:3)
  2 giant cockroaches
  5 goblins
  4 hobgoblins
  5 kobolds
  A giant newt (D:1)
  2 rats
23 creatures vanquished.

Notes
Turn   | Place    | Note
--------------------------------------------------------------
     0 | D:1      | HEYYEYAAE the Human Earth Elementalist began the quest for the Orb.
     0 | D:1      | Reached XP level 1. HP: 13/13 MP: 3/3
   110 | D:1      | Found a glowing golden altar of the Shining One.
   242 | D:1      | Reached XP level 2. HP: 4/20 MP: 0/5
  1235 | D:2      | Reached XP level 3. HP: 25/25 MP: 4/6
  1240 | D:2      | Learned a level 3 spell: Stone Arrow
  1711 | D:3      | Reached skill level 1 in Armour
  1913 | D:3      | Noticed Grinder
  2056 | D:3      | HP: 1/25 [adder (3)]
  2057 | D:3      | Succumbed to an adder's poison

Vault maps used:
D:1:      lightli_iron_boxes, tso_metal_star
D:2:      first_bread, minivault_24
D:3:      st_stairs_6, uniq_terence, uniq_grinder

Action                   || total
-------------------------++-------
Melee: Short sword       ||    10
       Spear             ||    18
 Cast: Sandblast         ||    42
       Stone Arrow       ||     5
  Use: Potion            ||     6
       Scroll            ||     5
 Stab: Sleeping          ||     2
  Eat: Chunk             ||     4
